 Dungeon Crawl Stone Soup version 0.29-a0-275-g389c0b56f3 (webtiles) character file.

Game seed: 9168168746908048840

4506 kae the Grappler (level 10, -1/99 HPs)
             Began as a White Draconian Transmuter on Mar 10, 2022.
             Was an Initiate of Ru.
             Slain by a kobold
             ... wielding a +0 dagger
              (3 damage)
             ... on level 8 of the Dungeon.
             The game lasted 00:05:55 (9719 turns).

kae the Grappler (White Draconian Transmuter)       Turns: 9719, Time: 00:05:55

Health: -1/99      AC:  8    Str: 13    XL:     10   Next: 16%
Magic:  15/17      EV: 11    Int: 18    God:    Ru [......]
Gold:   226        SH:  0    Dex: 11    Spells: 11/19 levels left

rFire   x . .      SeeInvis .     - Unarmed
rCold   + + +      Faith    .   (shield currently unavailable)
rNeg    . . .      Spirit   .   (body armour unavailable)
rPois   +          Reflect  .   (helmet currently unavailable)
rElec   .          Harm     .   (cloak currently unavailable)
rCorr   +          Rampage  .   (gloves currently unavailable)
Will    .....                   (boots currently unavailable)
Stlth   +.........              (no amulet)
HPRegen 0.26/turn               n - ring of wizardry
MPRegen 0.15/turn               i - ring of resist corrosion

@: about to teleport, ice-form
A: freezing attack, amphibious, boosted hp, (breathe frost), AC +7, large,
unfitting armour, (cold resistance 1), (cold-blooded)
a: End Transformation, Renounce Religion, Sacrifice Arcana, Sacrifice Courage,
Sacrifice Essence, Reject Sacrifices


You were on level 8 of the Dungeon.
You worshipped Ru.
Ru was noncommittal.
You were a creature of crystalline ice.
You visited 2 branches of the dungeon, and saw 9 of its levels.

You collected 352 gold pieces.
You spent 126 gold pieces at shops.

Inventory:

Armour
 k - a +0 cloak (melded)
Jewellery
 i - a ring of resist corrosion (right front paw)
 n - a ring of wizardry (left front paw)
 p - an amulet of the acrobat
Wands
 o - a wand of iceblast (22)
 q - a wand of flame (27)
Scrolls
 c - a scroll of enchant armour
 h - 2 scrolls of enchant weapon
Potions
 a - a potion of flight
 b - a potion of curing
 d - 2 potions of attraction
 e - a potion of cancellation
 g - a potion of invisibility {unknown}
 j - 2 potions of heal wounds
 l - 4 potions of might
 m - a potion of ambrosia {unknown}


   Skills:
 + Level 5.7 Fighting
 + Level 5.1 Dodging
 * Level 8.2 Unarmed Combat
 + Level 5.2 Spellcasting
 * Level 7.7 Transmutations
 - Level 5.0 Ice Magic
 - Level 2.0 Poison Magic


You had 11 spell levels left.
You knew the following spells:

 Your Spells              Type           Power      Damage    Failure   Level
a - Beastly Appendage     Tmut           64%        N/A       1%          1
b - Spider Form           Tmut/Pois      22%        N/A       2%          3
c - Ice Form              Ice/Tmut       27%        N/A       4%          4

Your spell library contained the following spells:

 Spells                   Type           Power      Damage    Failure   Level
 Sting                    Tmut/Pois      88%        1d7       1%          1
 Passwall                 Tmut/Erth      15%        N/A       1%          2
 Wereblood                Tmut           32%        N/A       1%          2
 Ensorcelled Hibernation  Hex/Ice        26%        N/A       2%          2
 Sandblast                Erth           8%         2d5       5%          1
 Poisonous Vapours        Pois/Air       16%        N/A       5%          2
 Scorch                   Fire           8%         2d5       9%          2
 Gell's Gravitas          Tloc           4%         N/A       16%         3
 Lesser Beckoning         Tloc           4%         N/A       16%         3
 Stone Arrow              Conj/Erth      8%         3d7       16%         3
 Swiftness                Air            4%         N/A       16%         3
 Teleport Other           Tloc           4%         N/A       16%         3
 Olgreb's Toxic Radiance  Pois           11%        N/A       22%         4
 Flame Wave               Conj/Fire      4%         2d5       45%         4
 Summon Cactus Giant      Summ           2%         N/A       100%        6


Dungeon Overview and Level Annotations

Branches:
Dungeon (8/15)             Temple (1/1) D:6
   Lair: D:8-11

Altars:
Ashenzari
Elyvilon
Fedhas
Gozag
Hepliaklqana
Kikubaaqudgha
Nemelex Xobeh
Okawaru
Qazlal
Ru
Sif Muna
Trog
Uskayaw
Vehumet
Wu Jian
Xom
Yredelemnul
Zin
The Shining One

Shops:
D:5 !   D:7 [(!

Annotations:
D:8 Erica


Innate Abilities, Weirdness & Mutations

You are a creature of crystalline ice.
You have a powerful freezing melee attack.
You are amphibious.
Your maximum health is increased.
Your armour is entirely melded.
You are incapable of wielding weapons or throwing items.
((You can breathe waves of freezing cold which knock back foes.))
((Your icy white scales are hard. (AC +7)))
You cannot fit into any form of body armour.
((Your flesh is cold resistant. (rC+)))
((You are cold-blooded and may be slowed by cold attacks.))


Message History

No target in view!
No target in view!
No target in view!
You barely miss something.
You hear some strange, mumbled words.
You are confused.
A kobold brigand comes into view.
It is wielding a +0 short sword and quivering poisoned darts.
You hear a zap.
An iceblast appears from out of thin air!
The mass of ice explodes!
The iceblast engulfs you! You partially resist.
The iceblast engulfs something!
Something hits you. Something melts you.
You miss something.
The kobold brigand hits you with a +0 short sword.
You hear some strange, mumbled words.
A lance of force appears from out of thin air!
The lance of force hits you!!
You are knocked back by the lance of force.
You slam into the rock wall!
You feel better.
As you read the scroll of teleportation, it crumbles to dust.
You feel strangely unstable. The kobold brigand misses you. Something hits you!
* * * LOW HITPOINT WARNING * * *
Something melts you.
* * * LOW HITPOINT WARNING * * *
You hear a shout! 5 kobolds come into view.
A kobold is wielding a +1 short sword of electrocution.
A kobold is wielding a +0 dagger and quivering poisoned darts.
A kobold is wielding a +0 short sword and quivering poisoned darts.
The kobold shouts! x5
The kobold moves out of view.
The kobold brigand attacks as you move away!
The kobold brigand barely misses you. Something hits you!
* * * LOW HITPOINT WARNING * * *
Something melts you.
* * * LOW HITPOINT WARNING * * *
A kobold comes into view. It is wielding a +0 short sword.
The kobold hits you with a +0 short sword.
* * * LOW HITPOINT WARNING * * *
The kobold hits you with a +0 dagger.
You die...

#.##.##.# #.#..##.#
#######.#.###.# ..
..............##..
########.......#...
#..#........
#....##.##
#.##.##.####
#.##....KY.#
#.......#KK.....#
####..###K.####.#
#... ..K..
#..###K.### #...
.K.. #... .....
..## ###.. ..


You could see a kobold brigand and 6 kobolds.

Vanquished Creatures
  Pikel (D:4)
  An ugly thing (D:6)
  Joseph (D:7)
  Prince Ribbit (D:7)
  6 yaks (D:4)
  A steam dragon (D:8)
  Edmund (D:5)
  2 orc warriors
  A centaur (D:5)
  3 ogres
  A lemure (D:4)
  3 bullfrogs
  A necrophage (D:7)
  A gnoll sergeant (D:6)
  A scorpion (D:5)
  4 wights (D:7)
  2 howler monkeys (D:6)
  A gnoll shaman (D:6)
  A hound (D:4)
  4 orc priests
  Crazy Yiuf (D:2)
  Natasha (thrice) (D:2)
  Terence (D:2)
  5 iguanas
  5 orc wizards
  12 gnolls
  5 adders
  A shadow imp (D:7)
  A white imp (D:7)
  2 ufetubi (D:6)
  2 dart slugs
  14 orcs
  7 bats
  A bat zombie (D:4)
  6 endoplasms
  2 giant cockroaches
  13 goblins
  3 hobgoblins
  3 jackals (D:4)
  6 kobolds
  3 quokkas
  13 ball pythons
  3 frilled lizards
  4 rats
  2 rat zombies (D:4)
155 creatures vanquished.

Vanquished Creatures (others)
  An orc wizard (D:8)
  An orc (D:8)
  5 fungi
  5 plants (D:3)
12 creatures vanquished.

Grand Total: 167 creatures vanquished

Notes
Turn   | Place    | Note
-------+----------+-------------------------------------------
     0 | D:1      | kae the Draconian Transmuter began the quest for the Orb.
     0 | D:1      | Reached XP level 1. HP: 16/16 MP: 3/3
   454 | D:1      | Reached XP level 2. HP: 21/23 MP: 3/5
  1133 | D:1      | You fall into a shaft and drop 1 floor!
  1165 | D:2      | Noticed Terence
  1608 | D:2      | Killed Terence
  1609 | D:2      | Reached XP level 3. HP: 29/29 MP: 6/6
  1653 | D:2      | Learned a level 3 spell: Spider Form
  2303 | D:2      | Noticed Natasha
  2313 | D:2      | Killed Natasha
  2314 | D:2      | Reached XP level 4. HP: 32/36 MP: 7/7
  2491 | D:2      | Noticed Natasha
  2500 | D:2      | Killed Natasha
  2501 | D:2      | Reached skill level 1 in Poison Magic
  2533 | D:2      | Noticed Natasha
  2540 | D:2      | Killed Natasha
  2541 | D:2      | Reached skill level 4 in Unarmed Combat
  2541 | D:2      | Reached XP level 5. HP: 38/41 MP: 4/8
  2577 | D:2      | Found a runed translucent door.
  2578 | D:2      | Noticed Crazy Yiuf
  2841 | D:2      | Killed Crazy Yiuf
  3149 | D:3      | Found a basalt altar of Yredelemnul.
  3165 | D:3      | Learned a level 4 spell: Ice Form
  3252 | D:3      | Noticed an orc warrior
  3265 | D:3      | Killed an orc warrior
  3266 | D:3      | Reached skill level 1 in Ice Magic
  3266 | D:3      | Reached XP level 6. HP: 41/50 MP: 6/10
  3489 | D:3      | Found a faded altar of an unknown god.
  4270 | D:4      | Your scales start taking on an icy white colour.
  4270 | D:4      | Reached XP level 7. HP: 23/56 MP: 5/11
  4270 | D:4      | Gained mutation: Your flesh is cold resistant. (rC+) [White
                  | Draconian growth]
  4458 | D:4      | Noticed Pikel
  4468 | D:4      | Killed Pikel
  4469 | D:4      | Reached skill level 5 in Unarmed Combat
  4661 | D:4      | Reached XP level 8. HP: 38/63 MP: 6/13
  4809 | D:4      | Reached skill level 5 in Transmutations
  4817 | D:4      | Reached skill level 6 in Unarmed Combat
  4817 | D:4      | Reached skill level 5 in Ice Magic
  5319 | D:4      | Found an ancient bone altar of Kikubaaqudgha.
  5402 | D:5      | Entered Level 5 of the Dungeon
  5403 | D:5      | Found Quppudih's Distillery.
  5413 | D:5      | Bought a potion of heal wounds for 70 gold pieces
  5413 | D:5      | Bought a potion of might for 56 gold pieces
  5424 | D:5      | Reached XP level 9. HP: 72/72 MP: 10/15
  5628 | D:5      | Noticed Edmund
  5641 | D:5      | Killed Edmund
  6503 | D:6      | Reached skill level 7 in Unarmed Combat
  6634 | D:6      | Found a staircase to the Ecumenical Temple.
  6707 | Temple   | Entered the Ecumenical Temple
  6714 | Temple   | Became a worshipper of Ru the Awakened
  6818 | D:6      | Found a glowing golden altar of the Shining One.
  7029 | D:6      | Found a bloodstained altar of Trog.
  7198 | D:6      | Noticed a green ugly thing
  7206 | D:6      | Killed a green ugly thing
  7207 | D:6      | Reached skill level 5 in Fighting
  7590 | D:7      | Noticed Joseph
  7644 | D:7      | Killed Joseph
  8211 | D:7      | Reached skill level 5 in Spellcasting
  8258 | D:7      | Found Wioh's Antique Weapon Shoppe.
  8529 | D:7      | Reached XP level 10. HP: 81/81 MP: 13/17
  8624 | D:7      | Found Isa Kov's Armour Shoppe.
  8627 | D:7      | Noticed Prince Ribbit
  8638 | D:7      | Killed Prince Ribbit
  8639 | D:7      | Reached skill level 8 in Unarmed Combat
  8910 | D:7      | Found Mutybib's Distillery.
  9167 | D:8      | Reached skill level 5 in Dodging
  9702 | D:8      | Noticed Erica
  9719 | D:8      | HP: 3/99 [something (4)]
  9719 | D:8      | Slain by a kobold

Illustrated notes

Levels and vault maps discovered:
D:1:      giann_wishing_wells, layout_basic,
          nicolae_concentric_dashed_squares_mild, kennysheep_another_room,
          nrook_mini_vaults
D:2:      layout_basic, minivault_24, uniq_natasha, uniq_crazy_yiuf_cottage,
          uniq_terence
D:3:      layout_rooms, yredelemnul_altar_generic,
          shapermc_ecumenical_altar_mp_ritualfount
D:4:      layout_basic, lemuel_zombie_altar_kikubaaqudgha, uniq_pikel
D:5:      layout_gridville, serial_shops, shop, uniq_edmund
D:6:      layout_rooms, trog_book, mainiacjoe_overflow_boulevard,
          minmay_temple_entry_tees, minmay_small_thing
D:7:      layout_loops_ring, serial_shops, nicolae_shop_hallway_stairs,
          nicolae_lakefront_shop, nicolae_shop_stone, grunt_decor_resistance,
          corexii_checkpoint_a, uniq_joseph, uniq_prince_ribbit1
D:8:      layout_loops_cross, nicolae_overflow_squiral, dpeg_lair_monsters,
          minmay_misc_feat_roman, uniq_erica, uniq_psyche
Temple:   minmay_freezing_vapour_temple

Skill      XL: |  1  2  3  4  5  6  7  8  9 10 |
---------------+-------------------------------+-----
Dodging        | 2 3 4 5 |  5.1
Transmutations | 3 4 6 7 |  7.7
Fighting       | 2 3 4 5 |  5.7
Poison Magic   | 1 2 |  2.0
Unarmed Combat | 4 5 6 7 8 |  8.2
Ice Magic      | 1 2 4 5 |  5.0
Spellcasting   | 3 4 5 |  5.2

Action                   |  1- 3 |  4- 6 |  7- 9 | 10-12 || total
-------------------------+-------+-------+-------+-------++-------
Melee: Unarmed           |   105 |   118 |   204 |    34 ||   461
       Headbutt          |     8 |     1 |       |       ||     9
       Kick              |    12 |     2 |       |       ||    14
       Tailslap          |     9 |     5 |     2 |       ||    16
       Punch             |     2 |     1 |     1 |       ||     4
 Cast: Beastly Appendage |    23 |    11 |       |       ||    34
       Spider Form       |       |    12 |     2 |       ||    14
       Ice Form          |       |       |    24 |     6 ||    30
 Abil: Breathe Frost     |       |       |     2 |       ||     2
  Use: Scroll            |     3 |     5 |     5 |     2 ||    15
       Potion            |     1 |     1 |       |     1 ||     3
 Stab: Sleeping          |     1 |       |       |       ||     1
Armor: Skin              |    38 |    20 |    44 |    10 ||   112
Dodge: Dodged            |    65 |   103 |    96 |    17 ||   281

Table legend: (Time is in decaauts)
 A = Elapsed time spent in this place.
 B = Non-inter-level travel time spent in this place.
 C = Inter-level travel time spent in this place.
 D = Time resting spent in this place.
 E = Time spent auto-exploring this place.
 F = Levels seen in this place.
 G = Mean time per level.
                   A        B        C        D        E       F      G
               +--------+--------+--------+--------+--------+-----+--------+
         Total |   9703 |   9441 |    262 |    712 |   7567 |   9 | 1078.1 |
       Dungeon |   9679 |   9417 |    262 |    712 |   7567 |   8 | 1209.9 |
        Temple |     24 |     24 |      0 |      0 |      0 |   1 |   24.0 |
               +--------+--------+--------+--------+--------+-----+--------+

Top non-repeatable levels by time:
     D:7: 1881 daAuts
     D:4: 1682 daAuts
     D:2: 1569 daAuts
     D:1: 1562 daAuts
     D:5: 1053 daAuts
     D:6: 1051 daAuts
     D:3: 593 daAuts
     D:8: 285 daAuts
  Temple: 24 daAuts
